 Dungeon Crawl Stone Soup version 0.28.0-55-gcd9437bce4 (webtiles) character file.

Game seed: 10349240890490587232

2537 cbfl8 the Cleaver (level 9, -4/118 HPs)
             Began as a Minotaur Berserker on Dec 11, 2022.
             Was an Elder of Trog.
             Slain by a cyan ugly thing (14 damage)
             ... on level 7 of the Dungeon.
             The game lasted 00:07:29 (8943 turns).

cbfl8 the Cleaver (Minotaur Berserker)              Turns: 8943, Time: 00:07:30

Health: -4/118     AC: 11    Str: 28    XL:     9   Next: 30%
Magic:  8/8        EV: 10    Int: 10    God:    Trog [****..]
Gold:   419        SH:  0    Dex: 14    Spells: 8/8 levels left

rFire   . . .      SeeInvis .   w - +3 hand axe (flame)
rCold   . . .      Faith    .   (no shield)
rNeg    . . .      Spirit   .   j - +0 chain mail
rPois   .          Reflect  .   (helmet restricted)
rElec   .          Harm     .   g - scarf {repulsion}
rCorr   .          Rampage  .   (no gloves)
Will    .....                   (no boots)
Stlth   ..........              (no amulet)
HPRegen 0.29/turn               p - +6 ring of intelligence
MPRegen 0.11/turn               s - +6 ring of strength

@: berserking, repel missiles, very quick
A: horns 2, retaliatory headbutt
a: Renounce Religion, Berserk, Trog's Hand, Brothers in Arms


You were on level 7 of the Dungeon.
You worshipped Trog.
Trog was greatly pleased with you.
You visited 1 branch of the dungeon, and saw 8 of its levels.

You collected 443 gold pieces.
You spent 24 gold pieces at shops.

Inventory:

Hand Weapons
 w - a +3 hand axe of flaming (weapon)
Missiles
 t - a throwing net (quivered)
Armour
 g - a scarf of repulsion (worn)
 j - a +0 chain mail (worn)
 A - a +0 cloak
Jewellery
 a - a ring of fire
 p - a +6 ring of intelligence (left hand)
 q - a ring of magical power
 s - a +6 ring of strength (right hand)
 B - a ring of flight
Wands
 r - a wand of paralysis (15)
 C - a wand of iceblast (12)
Scrolls
 h - a scroll of enchant armour
 l - 3 scrolls of fear
 o - 2 scrolls of teleportation
 u - 2 scrolls of noise {unknown}
 x - a scroll of enchant weapon {unknown}
Potions
 b - a potion of lignification {unknown}
 d - a potion of degeneration {unknown}
 e - a potion of cancellation {unknown}
 f - 2 potions of heal wounds
 i - 2 potions of curing {unknown}
 k - 2 potions of mutation {unknown}
 m - a potion of ambrosia {unknown}
 n - 2 potions of might
 z - a potion of attraction {unknown}


   Skills:
 + Level 7.2 Fighting
 + Level 9.0 Axes
 + Level 8.2 Armour
 + Level 3.6 Dodging
 + Level 1.1 Stealth
 * Level 4.9 Evocations


You had 8 spell levels left.
You didn't know any spells.
Your spell library was empty.

Dungeon Overview and Level Annotations

Branches:
Dungeon (8/15)             Temple (0/1) D:7
   Lair: D:8-11

Altars:

Shops:
D:1 *=:


Innate Abilities, Weirdness & Mutations

You have a pair of horns on your head.
You reflexively headbutt those who attack you in melee.


Message History

You see here a +0 whip.
There is a stone staircase leading down here.
You climb downwards.
The cyan ugly thing gurgles horribly!
Found 64 gold pieces.
Found a stone staircase leading up.
There is a stone staircase leading up here.
A yak comes into view.
You see here 21 gold pieces.
The cyan ugly thing pecks you! The cyan ugly thing shocks you!
There is a stone staircase leading up, spattered with blood here.
The cyan ugly thing pecks you but does no damage.
You climb upwards.
There is a stone staircase leading down here.
A red film seems to cover your vision as you go berserk!
You feel yourself moving faster!
You feel mighty! The cyan ugly thing pecks you! The cyan ugly thing shocks you!
You closely miss the cyan ugly thing. You punch the cyan ugly thing.
The cyan ugly thing is lightly wounded.
The cyan ugly thing pecks you! The cyan ugly thing shocks you!
* * * LOW HITPOINT WARNING * * *
You slash the cyan ugly thing! You burn the cyan ugly thing.
The cyan ugly thing is lightly wounded.
You barely miss the cyan ugly thing.
Your headbutt misses the cyan ugly thing.
The cyan ugly thing is lightly wounded.
The cyan ugly thing pecks you but does no damage.
You hit the cyan ugly thing. You burn the cyan ugly thing.
The cyan ugly thing is moderately wounded.
You slash the cyan ugly thing! You burn the cyan ugly thing.
The cyan ugly thing is heavily wounded.
The cyan ugly thing pecks you!
* * * LOW HITPOINT WARNING * * *
The cyan ugly thing shocks you!
* * * LOW HITPOINT WARNING * * *
You hit the cyan ugly thing but do no damage.
The cyan ugly thing is heavily wounded.
The cyan ugly thing pecks you.
* * * LOW HITPOINT WARNING * * *
The cyan ugly thing shocks you!
You die...

### ########## ..#
#(.......# .>#
#........# ..##
#......u.# #..##
####.)[...@.#
##..###..([.......#
##.....##........#
###......#........#
....####.#...(....#
##### #....#######
###...##
####...#####
##..........#


You could see a cyan ugly thing.

Vanquished Creatures
  Grinder (D:6)
  Sigmund (D:6)
  A steam dragon (D:6)
  Eustachio (D:5)
  Duvessa (D:7)
  An orc warrior (D:7)
  A necrophage (D:6)
  A black bear (D:5)
  An ogre (D:6)
  A centaur (D:7)
  A phantom (D:5)
  A gnoll sergeant (D:7)
  A scorpion (D:4)
  A water moccasin zombie (D:7)
  Dowan (D:7)
  A centaur zombie (D:7)
  2 centaur skeletons
  A hound (D:7)
  2 orc priests
  2 jellies
  6 iguanas
  Jessica (D:2)
  9 orc wizards
  A killer bee zombie (D:6)
  A hound skeleton (D:4)
  2 howler monkey zombies (D:6)
  Robin (D:2)
  13 gnolls
  9 adders
  A shadow imp (D:5)
  A white imp (D:7)
  An ufetubus (D:5)
  4 worms
  4 dart slugs
  35 orcs
  7 ball pythons
  3 bats
  5 endoplasms
  13 goblins
  13 hobgoblins
  3 jackals (D:4)
  6 kobolds
  2 quokkas
  4 frilled lizards
  A rat (D:3)
169 creatures vanquished.

Notes
Turn   | Place    | Note
-------+----------+-------------------------------------------
     0 | D:1      | cbfl8 the Minotaur Berserker began the quest for the Orb.
     0 | D:1      | Reached XP level 1. HP: 19/19 MP: 0/0
   172 | D:1      | Found a faded altar of an unknown god.
   192 | D:1      | Reached XP level 2. HP: 23/27 MP: 1/1
   195 | D:1      | Reached skill level 4 in Axes
   262 | D:1      | Found Beillat's General Store.
   273 | D:1      | Bought a scroll of identify for 24 gold pieces
   431 | D:1      | Reached XP level 3. HP: 14/33 MP: 2/2
   617 | D:1      | Found Moostrom's Book Emporium.
   685 | D:1      | Found Seble's Jewellery Shoppe.
   691 | D:1      | Reached ** piety under Trog
   910 | D:2      | Noticed Jessica
   916 | D:2      | Reached skill level 1 in Evocations
   944 | D:2      | Killed Jessica
   945 | D:2      | Reached XP level 4. HP: 14/41 MP: 3/3
  1912 | D:2      | Noticed Robin
  1930 | D:2      | Reached skill level 5 in Axes
  1931 | D:2      | Killed Robin
  2204 | D:3      | Reached XP level 5. HP: 47/47 MP: 4/4
  2659 | D:3      | Reached *** piety under Trog
  2660 | D:3      | Reached XP level 6. HP: 31/53 MP: 5/5
  3802 | D:4      | Reached skill level 6 in Axes
  4103 | D:4      | Reached skill level 5 in Fighting
  4352 | D:4      | Reached XP level 7. HP: 44/61 MP: 6/6
  4809 | D:5      | Entered Level 5 of the Dungeon
  4888 | D:5      | Noticed Eustachio
  4897 | D:5      | Killed Eustachio
  4898 | D:5      | Reached skill level 5 in Armour
  5103 | D:5      | Identified the +4 ring mail "Bash" {Regen+ Stlth+}
  5192 | D:5      | Reached skill level 7 in Axes
  5561 | D:5      | Reached XP level 8. HP: 57/69 MP: 7/7
  5640 | D:5      | Reached **** piety under Trog
  5986 | D:6      | Reached skill level 1 in Stealth
  6461 | D:6      | Noticed Grinder
  6471 | D:6      | Killed Grinder
  6472 | D:6      | Reached skill level 8 in Axes
  6611 | D:6      | Noticed Sigmund
  6627 | D:6      | Killed Sigmund
  7472 | D:7      | Found a staircase to the Ecumenical Temple.
  7504 | D:7      | Reached XP level 9. HP: 67/78 MP: 8/8
  7976 | D:7      | Noticed Duvessa
  7976 | D:7      | Noticed Dowan
  7984 | D:7      | Killed Duvessa
  7987 | D:7      | Killed Dowan
  8434 | D:7      | Reached skill level 9 in Axes
  8928 | D:8      | Noticed a cyan ugly thing
  8943 | D:7      | Slain by a cyan ugly thing

Illustrated notes

Levels and vault maps discovered:
D:1:      dpeg_arrival_arbitrary_a, layout_rooms, serial_shops, shop, shop,
          shop, hellmonk_ecumenical_altar_pennies_from_heaven
D:2:      layout_basic, uniq_robin, uniq_jessica
D:3:      layout_rooms
D:4:      layout_gridville, minmay_box_of_dots
D:5:      layout_basic, hangedman_abyss_or_decor_lesser_grid,
          kennysheep_generic_room_5, uniq_eustachio
D:6:      layout_loops_ring, st_stairs_8, uniq_grinder, uniq_sigmund
D:7:      layout_rooms, minmay_temple_entry_slanted, uniq_duvessa
D:8:      layout_basic

Skill      XL: |  1  2  3  4  5  6  7  8  9 |
---------------+----------------------------+-----
Axes           | 4 5 6 7 8 9 |  9.0
Fighting       | 4 5 6 7 |  7.2
Evocations     | 1 2 3 4 |  4.9
Armour         | 3 4 6 7 8 |  8.2
Dodging        | 3 |  3.6
Stealth        | 1 |  1.1

Action                   |  1- 3 |  4- 6 |  7- 9 || total
-------------------------+-------+-------+-------++-------
Melee: Hand axe          |    40 |   192 |   233 ||   465
       Headbutt          |     8 |    34 |    47 ||    89
       Punch             |       |     1 |     6 ||     7
Invok: Berserk           |     1 |     2 |     4 ||     7
  Use: Scroll            |     2 |     1 |     5 ||     8
Armor: Chain mail        |     5 |   115 |   100 ||   220
       Animal skin       |     1 |       |       ||     1
Dodge: Dodged            |    23 |    90 |   102 ||   215
       Repelled          |     2 |     1 |     2 ||     5
